 Dungeon Crawl Stone Soup version 0.28-a0-622-gbaef9634d7 (webtiles) character file.

Game seed: 8309943952419724314

8681 Rennog the Thaumaturge (level 11, 0/86 HPs)
             Began as a Gnoll Warper on Oct 7, 2021.
             Was a High Priest of Okawaru.
             Killed from afar by a rime drake (15 damage)
             ... with a flash freeze
             ... on level 1 of the Lair of Beasts.
             The game lasted 00:23:58 (14923 turns).

Rennog the Thaumaturge (Gnoll Warper)              Turns: 14923, Time: 00:23:59

Health: 0/86       AC: 17    Str: 14    XL:     11   Next: 34%
Magic:  19/23      EV: 14    Int: 20    God:    Okawaru [*****.]
Gold:   659        SH:  9    Dex: 13    Spells: 18/26 levels left

rFire   . . .      SeeInvis .   G - +2 flail (protect)
rCold   + + .      Faith    .   x - +0 kite shield
rNeg    . . .      Spirit   .   v - +2 leather armour {rC+}
rPois   +          Reflect  .   (no helmet)
rElec   .          Harm     .   J - +1 cloak {rPois}
rCorr   .          Rampage  .   (no gloves)
Will    .....                   g - +0 pair of boots
Stlth   +++.......              (no amulet)
HPRegen 0.24/turn               j - +6 ring of intelligence
MPRegen 0.18/turn               C - ring of the Octopus King {rC+ AC+1 EV+1 Str+1 Int+1 Dex+1}

@: under a protective aura
A: fangs 1, strong nose, distributed training
a: Renounce Religion, Heroism, Finesse, Duel


You were on level 1 of the Lair of Beasts.
You worshipped Okawaru.
Okawaru was extremely pleased with you.
You visited 3 branches of the dungeon, and saw 13 of its levels.

You collected 659 gold pieces.

Inventory:

Hand Weapons
 a - a +0 short sword
 k - a +2 short sword of flaming
 p - a +4 short sword of electrocution
 s - a +2 long sword of venom
 G - a +2 flail of protection (weapon)
Missiles
 d - 5 boomerangs of dispersal (quivered)
 q - 16 boomerangs
Armour
 g - a +0 pair of boots (worn)
 o - a +0 cloak
 v - a +2 leather armour of cold resistance (worn)
 x - a +0 kite shield (worn)
 J - a +1 cloak of poison resistance (worn)
Jewellery
 b - a ring of wizardry
 j - a +6 ring of intelligence (left hand)
 u - a ring of positive energy
 C - a ring of the Octopus King (right hand) {rC+ AC+1 EV+1 Str+1 Int+1 Dex+1}
   (You found it on level 5 of the Dungeon)

   [ring of protection from cold]

   AC:        It affects your AC (+1).
   EV:        It affects your evasion (+1).
   Str:       It affects your strength (+1).
   Int:       It affects your intelligence (+1).
   Dex:       It affects your dexterity (+1).
   rC:        It protects you from cold.
Wands
 t - a wand of polymorph (14)
 H - a wand of digging (6)
Scrolls
 c - a scroll of blinking
 e - 8 scrolls of identify
 h - 3 scrolls of teleportation
 i - 3 scrolls of enchant armour
 y - 2 scrolls of silence
Potions
 f - 2 potions of invisibility {unknown}
 m - a potion of brilliance {unknown}
 n - 2 potions of mutation {unknown}
 r - 2 potions of heal wounds {unknown}
 z - a potion of degeneration {unknown}
 A - a potion of lignification {unknown}
 B - a potion of ambrosia {unknown}
 E - a potion of curing {unknown}
 F - a potion of attraction {unknown}
 I - a potion of might {unknown}


   Skills:
 + Level 7.8 Fighting
 + Level 7.8 Short Blades
 + Level 6.2 Long Blades
 + Level 6.2 Axes
 + Level 6.2 Maces & Flails
 + Level 6.2 Polearms
 + Level 6.2 Staves
 + Level 6.2 Slings
 + Level 6.2 Bows
 + Level 6.2 Crossbows
 + Level 6.8 Throwing
 + Level 6.8 Armour
 + Level 7.8 Dodging
 + Level 6.2 Stealth
 + Level 6.2 Shields
 + Level 6.2 Unarmed Combat
 + Level 8.0 Spellcasting
 + Level 5.1 Conjurations
 + Level 5.1 Hexes
 + Level 5.1 Summonings
 + Level 5.1 Necromancy
 + Level 7.6 Translocations
 + Level 5.1 Transmutations
 + Level 5.1 Fire Magic
 + Level 5.1 Ice Magic
 + Level 5.1 Air Magic
 + Level 5.1 Earth Magic
 + Level 5.1 Poison Magic
 + Level 6.8 Invocations
 + Level 6.2 Evocations


You had 18 spell levels left.
You knew the following spells:

 Your Spells              Type           Power      Damage    Failure   Level
a - Blink                 Tloc           N/A        N/A       2%          2
b - Teleport Other        Tloc           38%        N/A       4%          3
c - Call Canine Familiar  Summ           28%        N/A       12%         3

Your spell library contained the following spells:

 Spells                   Type           Power      Damage    Failure   Level
 Gell's Gravitas          Tloc           19%        N/A       4%          3
 Lesser Beckoning         Tloc           38%        N/A       4%          3
 Slow                     Hex            28%        N/A       6%          2
 Confusing Touch          Hex            28%        N/A       12%         3
 Conjure Flame            Conj/Fire      28%        6-21      12%         3
 Passage of Golubria      Tloc           N/A        N/A       14%         4
 Manifold Assault         Tloc           38%        N/A       36%         5
 Fireball                 Conj/Fire      14%        3d8       71%         5
 Yara's Violent Unravell  Hex/Tmut       14%        3d7       71%         5
 Dispersal                Tloc           19%        N/A       91%         6
 Disjunction              Tloc           19%        N/A       100%        8
 Summon Small Mammal      Summ           Unusable   N/A       N/A         1
 Summon Guardian Golem    Hex/Summ       Unusable   N/A       N/A         3

Dungeon Overview and Level Annotations

Branches:
Dungeon (11/15)            Temple (1/1) D:6            Lair (1/6) D:10
    Orc: D:9-12

Altars:
Ashenzari
Cheibriados
Dithmenos
Elyvilon
Fedhas
Gozag
Hepliaklqana
Kikubaaqudgha
Makhleb
Nemelex Xobeh
Okawaru
Qazlal
Ru
Sif Muna
Trog
Uskayaw
Vehumet
Wu Jian
Xom
Yredelemnul
Zin
The Shining One

Annotations:
D:6 1 runed translucent door


Innate Abilities, Weirdness & Mutations

You have very sharp teeth.
Your uncanny sense of smell can sniff out nearby items.
Your experience applies equally to all skills.


Message History

The wolf is severely wounded.
The wolf completely misses you. You block the wolf's attack.
You barely miss the wolf. Your bite misses the wolf.
The wolf is severely wounded.
The wolf closely misses you. The wolf misses you.
You hit the wolf. Your bite misses the wolf.
The wolf is severely wounded.
You block the wolf's attack.
The komodo dragon hisses menacingly.
The wolf closely misses you.
You closely miss the wolf.
The wolf is severely wounded.
You block the wolf's attack. x3
You hit the wolf. You bite the wolf.
The wolf is almost dead.
The wolf bites you. The wolf bites you but does no damage.
You sock the wolf!
You kill the wolf!
Okawaru accepts your kill.
You barely miss the komodo dragon. Your bite misses the komodo dragon.
The komodo dragon completely misses you.
The komodo dragon misses you.
You barely miss the komodo dragon. You block the komodo dragon's attack.
You hit the komodo dragon but do no damage.
You block the komodo dragon's attack.
You hit the komodo dragon.
The komodo dragon is lightly wounded.
The komodo dragon closely misses you.
You hit the komodo dragon.
The komodo dragon is lightly wounded.
The komodo dragon barely misses you. The komodo dragon bites you!!
* * * LOW HITPOINT WARNING * * *
Cast which spell? (? or * to list)
You blink.
Casting: Blink (safe; 2% risk of failure)
Confirm with . or Enter, or press ? or * to list all spells.
You blink.
The rime drake breathes ice at you. The flash freeze hits you!
You partially resist.
You die...

###........###†## #
#.....P#.....l####.#..
#.....##.....k........
##...(#......§........
#.....######..#...#..
#....##.#.#..#####...
#..........#.##P##P..
##..$.................
#.......###...@.......
#.....l#.##...........
#............#.######..
#........#####..#
.........# #...
.......l.. .....
........... .... ..
................
............


You could see a komodo dragon and a rime drake (catching breath).

Vanquished Creatures
  A two-headed ogre (D:10)
  Pikel (D:5)
  A cyclops (D:8)
  A black mamba (Lair:1)
  A kobold demonologist (D:11)
  A komodo dragon (D:11)
  2 trolls (D:10)
  3 wraiths
  4 yaks (D:8)
  2 wargs (D:10)
  2 water moccasins
  2 ice beasts (D:6)
  A hornet zombie (D:6)
  4 orc warriors
  2 sky beasts (D:6)
  2 black bears
  5 necrophages
  5 wolves (Lair:1)
  3 ogres
  2 centaurs
  4 kobold brigands
  3 bullfrogs
  A wyvern zombie (D:8)
  4 killer bees (D:10)
  2 howler monkeys (D:10)
  6 centaur zombies
  A jelly (D:5)
  4 hounds
  A human zombie (D:6)
  4 orc priests
  Ijyb (D:5)
  Terence (D:1)
  3 iguanas
  6 orc wizards
  A hound zombie (D:5)
  A howler monkey zombie (D:7)
  3 adders
  4 gnolls
  A nameless horror (D:5)
  An adder skeleton (D:4)
  2 worms (D:2)
  2 dart slugs
  28 orcs
  6 endoplasms
  6 giant cockroaches
  7 goblins
  5 hobgoblins
  11 jackals
  8 quokkas
  7 ball pythons
  4 bats
  A frilled lizard (D:2)
  20 kobolds
  6 rats
210 creatures vanquished.

Vanquished Creatures (others)
  A fungus (Lair:1)
  3 plants (Lair:1)
4 creatures vanquished.

Grand Total: 214 creatures vanquished

Notes
Turn   | Place    | Note
-------+----------+-------------------------------------------
     0 | D:1      | Rennog the Gnoll Warper began the quest for the Orb.
     0 | D:1      | Reached XP level 1. HP: 20/20 MP: 6/6
   388 | D:1      | Reached XP level 2. HP: 26/26 MP: 7/7
   416 | D:1      | Learned a level 2 spell: Blink
   881 | D:1      | Found a faded altar of an unknown god.
  1067 | D:1      | Reached XP level 3. HP: 30/31 MP: 9/9
  1246 | D:2      | Noticed Terence
  1262 | D:1      | Killed Terence
  1263 | D:1      | Reached skill level 5 in Spellcasting
  1263 | D:1      | Reached skill level 1 in Invocations
  1466 | D:2      | Reached skill level 1 in Long Blades
  1466 | D:2      | Reached skill level 1 in Axes
  1466 | D:2      | Reached skill level 1 in Maces & Flails
  1466 | D:2      | Reached skill level 1 in Polearms
  1466 | D:2      | Reached skill level 1 in Staves
  1466 | D:2      | Reached skill level 1 in Slings
  1466 | D:2      | Reached skill level 1 in Bows
  1466 | D:2      | Reached skill level 1 in Crossbows
  1466 | D:2      | Reached skill level 1 in Stealth
  1466 | D:2      | Reached skill level 1 in Shields
  1466 | D:2      | Reached skill level 1 in Unarmed Combat
  1466 | D:2      | Reached skill level 1 in Evocations
  1515 | D:2      | Reached XP level 4. HP: 24/38 MP: 11/11
  2050 | D:2      | Found a hide-covered altar of Uskayaw.
  2382 | D:2      | Learned a level 3 spell: Teleport Other
  2418 | D:3      | Found a shimmering altar of Xom.
  2439 | D:3      | Reached skill level 1 in Conjurations
  2439 | D:3      | Reached skill level 1 in Hexes
  2439 | D:3      | Reached skill level 1 in Summonings
  2439 | D:3      | Reached skill level 1 in Necromancy
  2439 | D:3      | Reached skill level 1 in Transmutations
  2439 | D:3      | Reached skill level 1 in Fire Magic
  2439 | D:3      | Reached skill level 1 in Ice Magic
  2439 | D:3      | Reached skill level 1 in Air Magic
  2439 | D:3      | Reached skill level 1 in Earth Magic
  2439 | D:3      | Reached skill level 1 in Poison Magic
  2531 | D:3      | Reached XP level 5. HP: 14/43 MP: 12/12
  3681 | D:4      | Noticed an ogre
  4063 | D:4      | Reached XP level 6. HP: 44/50 MP: 13/13
  4157 | D:4      | Reached skill level 5 in Fighting
  4157 | D:4      | Reached skill level 5 in Short Blades
  4157 | D:4      | Reached skill level 5 in Dodging
  4237 | D:5      | Entered Level 5 of the Dungeon
  4296 | D:5      | Found a shadowy altar of Dithmenos.
  4300 | D:5      | Found a hide-covered altar of Uskayaw.
  4306 | D:5      | Noticed a +0 dagger
  4306 | D:5      | Noticed a +0 hand axe
  4315 | D:5      | Noticed Pikel
  4478 | D:5      | Noticed a black bear
  4488 | D:4      | Killed a black bear
  4538 | D:5      | Reached XP level 7. HP: 56/56 MP: 15/15
  4538 | D:5      | Noticed Ijyb
  4551 | D:5      | Killed Ijyb
  4789 | D:5      | Learned a level 3 spell: Call Canine Familiar
  5065 | D:6      | Reached XP level 8. HP: 61/63 MP: 16/16
  5104 | D:6      | Found a staircase to the Ecumenical Temple.
  5237 | Temple   | Entered the Ecumenical Temple
  5671 | Temple   | Became a worshipper of Warmaster Okawaru
  5700 | D:6      | Reached skill level 6 in Spellcasting
  6181 | D:6      | Reached * piety under Okawaru
  6519 | D:6      | Found a runed translucent door.
  6726 | D:6      | Found a basalt altar of Yredelemnul.
  7106 | D:7      | Reached XP level 9. HP: 56/69 MP: 18/18
  7926 | D:7      | Found a stormy altar of Qazlal.
  8002 | D:7      | Reached ** piety under Okawaru
  8042 | D:7      | Reached skill level 5 in Throwing
  8042 | D:7      | Reached skill level 5 in Armour
  8554 | D:5      | Found a snail-covered altar of Cheibriados.
  8639 | D:5      | Found the ring of the Octopus King
  8646 | D:5      | Identified a ring of the Octopus King {rC+ AC+1 EV+1 Str+1
                  | Int+1 Dex+1}
  8701 | D:5      | Killed Pikel
  8916 | D:8      | Noticed a cyclops
  9052 | D:8      | Found Wuse's Self-Improvement Boutique.
  9076 | D:8      | Reached skill level 5 in Invocations
  9302 | D:8      | Found a sparkling altar of Nemelex Xobeh.
  9302 | D:8      | Found an opulent altar of Gozag.
  9571 | D:8      | Reached skill level 7 in Spellcasting
  9571 | D:8      | Reached XP level 10. HP: 58/77 MP: 20/20
  9837 | D:8      | Found an ornate altar of the Wu Jian Council.
  9880 | D:8      | Reached skill level 5 in Long Blades
  9880 | D:8      | Reached skill level 5 in Axes
  9880 | D:8      | Reached skill level 5 in Maces & Flails
  9880 | D:8      | Reached skill level 5 in Polearms
  9880 | D:8      | Reached skill level 5 in Staves
  9880 | D:8      | Reached skill level 5 in Slings
  9880 | D:8      | Reached skill level 5 in Bows
  9880 | D:8      | Reached skill level 5 in Crossbows
  9880 | D:8      | Reached skill level 5 in Stealth
  9880 | D:8      | Reached skill level 5 in Shields
  9880 | D:8      | Reached skill level 5 in Unarmed Combat
  9880 | D:8      | Reached skill level 5 in Evocations
  9899 | D:8      | Found a sacrificial altar of Ru.
 10186 | D:8      | Killed a cyclops
 10186 | D:8      | Reached *** piety under Okawaru
 10518 | D:9      | Found a bloodstained altar of Trog.
 10573 | D:9      | Noticed a two-headed ogre
 10840 | D:9      | Found a radiant altar of Vehumet.
 11042 | D:10     | Entered Level 10 of the Dungeon
 11294 | D:10     | Noticed a two-headed ogre
 11481 | D:10     | Found a staircase to the Lair.
 11561 | D:10     | Identified 2 scrolls of acquirement
 11563 | D:10     | Acquired a +1 cloak of poison resistance
 11576 | D:10     | Acquired Yluy's Reference Book on Quantum Combat Magic
 11892 | D:10     | Reached **** piety under Okawaru
 12006 | D:10     | Found a broken altar of Ashenzari.
 12631 | D:10     | HP: 3/77 [two-headed ogre (13)]
 12662 | D:10     | HP: 1/77 [orc (4)]
 13292 | D:10     | Received a gift from Okawaru
 13485 | D:10     | Killed a two-headed ogre
 13485 | D:10     | Received a gift from Okawaru
 13486 | D:10     | Reached XP level 11. HP: 32/84 MP: 19/22
 14209 | D:11     | Reached skill level 5 in Conjurations
 14209 | D:11     | Reached skill level 5 in Hexes
 14209 | D:11     | Reached skill level 5 in Summonings
 14209 | D:11     | Reached skill level 5 in Necromancy
 14209 | D:11     | Reached skill level 5 in Transmutations
 14209 | D:11     | Reached skill level 5 in Fire Magic
 14209 | D:11     | Reached skill level 5 in Ice Magic
 14209 | D:11     | Reached skill level 5 in Air Magic
 14209 | D:11     | Reached skill level 5 in Earth Magic
 14209 | D:11     | Reached skill level 5 in Poison Magic
 14331 | D:11     | Noticed a boulder beetle
 14365 | D:11     | Reached ***** piety under Okawaru
 14380 | D:11     | Reached skill level 8 in Spellcasting
 14386 | D:11     | Identified the +1 ring mail of the Grand Centipede {Harm
                  | Drain rElec MP+9 Dex-2}
 14473 | Lair:1   | Entered Level 1 of the Lair of Beasts
 14923 | Lair:1   | Killed from afar by a rime drake

Illustrated notes

Levels and vault maps discovered:
D:1:      evilmike_arrival_rings, layout_loops_corners,
          ebering_ecumenical_altar_webs
D:2:      layout_rooms, basic_altar, uniq_terence
D:3:      layout_rooms, mainiacjoe_overflow_small_starburst
D:4:      layout_loops_ring, grunt_tough_drop
D:5:      layout_rooms, kennysheep_mini, dancing_weapons_uskayaw,
          kennysheep_mini_moat, minivault_4, uniq_ijyb, uniq_pikel
D:6:      layout_basic, dk_yredelemnul_ordeal, minmay_temple_entry_junction_2,
          st_stairs_6
D:7:      layout_layer_cave, mainiacjoe_overflow_24_doors, hangedman_decor_push,
          minmay_misc_feat_square
D:8:      layout_basic, grunt_temple_overflow_opulence,
          mainiacjoe_overflow_tiny_flanked, overflow_temple_1_default,
          minmay_misc_feat_more_columns, nicolae_shop_self_help
D:9:      layout_gridville, amcnicky_altar_gilded, bloody_trog
D:10:     layout_irregular_city, evilmike_ruin_ashenzari,
          erik_lair_orcish_takeover
D:11:     layout_loops_cross, nicolae_sif_muna_condensation
Temple:   compressed_dpeg_triangle_lava_temple
Lair:1:   layout_gridlike, wad_woods_01, infiniplex_staircase_pool_2

Skill      XL: |  1  2  3  4  5  6  7  8  9 10 11 |
---------------+----------------------------------+-----
Spellcasting   | 5 6 7 8 |  8.0
Invocations    | 1 2 3 4 5 6 |  6.8
Long Blades    | 1 2 3 4 5 6 |  6.2
Axes           | 1 2 3 4 5 6 |  6.2
Maces & Flails | 1 2 3 4 5 6 |  6.2
Polearms       | 1 2 3 4 5 6 |  6.2
Staves         | 1 2 3 4 5 6 |  6.2
Slings         | 1 2 3 4 5 6 |  6.2
Bows           | 1 2 3 4 5 6 |  6.2
Crossbows      | 1 2 3 4 5 6 |  6.2
Stealth        | 1 2 3 4 5 6 |  6.2
Shields        | 1 2 3 4 5 6 |  6.2
Unarmed Combat | 1 2 3 4 5 6 |  6.2
Evocations     | 1 2 3 4 5 6 |  6.2
Conjurations   | 1 2 3 4 5 |  5.1
Hexes          | 1 2 3 4 5 |  5.1
Summonings     | 1 2 3 4 5 |  5.1
Necromancy     | 1 2 3 4 5 |  5.1
Transmutations | 1 2 3 4 5 |  5.1
Fire Magic     | 1 2 3 4 5 |  5.1
Ice Magic      | 1 2 3 4 5 |  5.1
Air Magic      | 1 2 3 4 5 |  5.1
Earth Magic    | 1 2 3 4 5 |  5.1
Poison Magic   | 1 2 3 4 5 |  5.1
Throwing       | 3 4 5 6 |  6.8
Armour         | 3 4 5 6 |  6.8
Fighting       | 5 6 7 |  7.8
Short Blades   | 5 6 7 |  7.8
Dodging        | 5 6 7 |  7.8
Translocations | 6 7 |  7.6

Action                   |  1- 3 |  4- 6 |  7- 9 | 10-12 || total
-------------------------+-------+-------+-------+-------++-------
Melee: Short sword       |   109 |   207 |   110 |       ||   426
       Bite              |    11 |    16 |    34 |    37 ||    98
       Punch             |       |     1 |     2 |       ||     3
       Long sword        |       |       |   180 |    40 ||   220
       Flail             |       |       |       |   430 ||   430
Throw: Throwing net      |       |       |       |     1 ||     1
 Cast: Blink             |       |     2 |     1 |    11 ||    14
Invok: Heroism           |       |       |       |     2 ||     2
  Use: Scroll            |       |       |       |     6 ||     6
 Stab: Sleeping          |     1 |     3 |     3 |     1 ||     8
       Distracted        |       |       |     1 |     1 ||     2
       Held in net/web   |       |       |       |     1 ||     1
Armor: Leather armour    |    40 |    47 |    90 |   222 ||   399
Dodge: Dodged            |    53 |   112 |   197 |   333 ||   695
Block: Kite shield       |       |       |    73 |   338 ||   411

Table legend: (Time is in decaauts)
 A = Elapsed time spent in this place.
 B = Non-inter-level travel time spent in this place.
 C = Inter-level travel time spent in this place.
 D = Time resting spent in this place.
 E = Time spent auto-exploring this place.
 F = Levels seen in this place.
 G = Mean time per level.
                   A        B        C        D        E       F      G
               +--------+--------+--------+--------+--------+-----+--------+
         Total |  15112 |  14359 |    753 |   2549 |   9219 |  13 | 1162.5 |
       Dungeon |  14198 |  13496 |    702 |   2291 |   8744 |  11 | 1290.7 |
        Temple |    444 |    393 |     51 |      0 |    385 |   1 |  444.0 |
          Lair |    469 |    469 |      0 |    258 |     89 |   1 |  469.0 |
               +--------+--------+--------+--------+--------+-----+--------+

Top non-repeatable levels by time:
    D:10: 2670 daAuts
     D:8: 2002 daAuts
     D:6: 1696 daAuts
     D:1: 1684 daAuts
     D:7: 1246 daAuts
     D:5: 1092 daAuts
     D:4: 984 daAuts
     D:2: 898 daAuts
     D:3: 826 daAuts
     D:9: 765 daAuts
  Lair:1: 469 daAuts
  Temple: 444 daAuts
    D:11: 332 daAuts
